 Dungeon Crawl Stone Soup version 0.24.0-37-gcf1ca852f1 (webtiles) character file.

Game seed: 12199098884964932258, levelgen mode: deterministic

790 hellfordxyz the Grave Robber (level 8, -1/81 HPs)
             Began as a Human Necromancer on Nov 29, 2019.
             Slain by a gnoll
             ... wielding a +0 spear
              (4 damage)
             ... on level 6 of the Dungeon.
             The game lasted 00:39:10 (7442 turns).

hellfordxyz the Grave Robber (Human Necromancer)    Turns: 7442, Time: 00:39:11

Health: -1/81      AC:  7    Str: 13    XL:     8   Next: 12%
Magic:  3/14       EV: 12    Int: 30    God:
Gold:   303        SH:  0    Dex: 15    Spells: 3/15 levels left

rFire    . . .     SeeInvis .   h - +2 short sword (speed)
rCold    . . .     Gourm    .   (no shield)
rNeg     . . .     Faith    .   j - +1 ring mail {rPois}
rPois    +         Spirit   .   d - +0 helmet
rElec    .         Reflect  .   (no cloak)
rCorr    .         Harm     .   (no gloves)
MR       +....     Clarity  +   (no boots)
Stlth    ..........             (no amulet)
HPRegen  0.23/turn              k - ring of protection from magic
MPRegen  0.14/turn              A - +4 ring of intelligence

@: mighty, brilliant, berserking, very quick
A: fangs 1, clarity, clever 2, sense surroundings 1, evolution 2
a: no special abilities


You were on level 6 of the Dungeon.
You were not hungry.

You visited 1 branch of the dungeon, and saw 6 of its levels.

You collected 303 gold pieces.

Inventory:

Hand Weapons
 f - a +3 short sword
 h - a +2 short sword of speed (weapon)
 l - a +0 dagger of venom
 n - a +0 short sword
 q - a +1 flail of holy wrath
 E - a +0 shortbow
Missiles
 p - 13 poisoned darts (quivered)
 s - 13 boomerangs
 F - 20 arrows
Armour
 a - a +0 robe
 b - a +0 ring mail
 d - a +0 helmet (worn)
 e - a +0 leather armour
 g - a +2 leather armour of fire resistance
 j - a +1 ring mail of poison resistance (worn)
 r - a +0 chain mail
Magical Staves
 u - an uncursed staff of earth
Jewellery
 k - a ring of protection from magic (left hand)
 A - a +4 ring of intelligence (right hand)
Wands
 y - a wand of acid (9)
Scrolls
 i - 2 scrolls of remove curse
 o - a scroll of teleportation
 t - 2 scrolls of enchant weapon
 v - 5 scrolls of identify
 w - a scroll of fog
 G - a scroll of amnesia {unknown}
Potions
 m - a potion of haste
 x - a potion of cancellation
 B - a potion of lignification
 I - a potion of curing
Comestibles
 c - 4 rations


   Skills:
 + Level 1.4 Fighting
 + Level 2.5 Short Blades
 + Level 0.1 Staves
 + Level 2.8 Armour
 + Level 2.8 Dodging
 + Level 2.1 Stealth
 + Level 0.3 Unarmed Combat
 + Level 4.4 Spellcasting
 + Level 6.4 Necromancy


You had 3 spell levels left.
You knew the following spells:

 Your Spells              Type           Power        Failure   Level  Hunger
a - Pain                  Necr           ####         1%          1    None
b - Animate Skeleton      Necr           N/A          1%          1    None
c - Vampiric Draining     Necr           ######....   1%          3    #......
d - Regeneration          Chrm/Necr      #####.....   1%          3    #......
e - Animate Dead          Necr           N/A          1%          4    ###....

Your spell library contained the following spells:

 Spells                   Type           Power        Failure   Level  Hunger


Dungeon Overview and Level Annotations

Branches:
Dungeon (6/15)
 Temple: D:4-7

Altars:
Makhleb


Innate Abilities, Weirdness & Mutations

You have very sharp teeth.
You possess an exceptional clarity of mind.
Your mind is very acute. (Int +4)
You passively map a small area around you.
You rapidly evolve.


Message History

The gnoll hits you from afar with a +0 spear!
* * * LOW HITPOINT WARNING * * *
The gnoll closely misses you.
Casting: Pain (safe; 1% risk of failure)
Confirm with . or Enter, or press ? or * to list all spells.
Aiming: Pain (safe; 1% risk of failure)
Press: ? - help, Shift-Dir - straight line, f - gnoll
Aim: a gnoll, wielding a +0 spear (chance to defeat MR: 89%)
The gnoll writhes in agony.
The gnoll hits you but does no damage. x2
It was a potion of might.
You feel very mighty all of a sudden. The gnoll closely misses you.
The gnoll misses you.
It was a potion of brilliance.
You feel clever all of a sudden. The gnoll barely misses you.
The gnoll hits you but does no damage.
It was a potion of berserk rage.
A red film seems to cover your vision as you go berserk!
You feel yourself moving faster!
You feel mighty!
The gnoll hits you from afar with a +0 spear.
You die...

#...##...##..# ,
##...##<..##..##..###.#
......'...#....#<......,
, ......#...#....#......
##.#########..##....#
##.######.##..##....####
........#......)gg......
........#.......).......
,
........'......†@.......
#.###.###....###....###.
* #. #.#*##+### ##+#.#
.. h.. , , ,.. ,, ..
....#,, , , ,...
####..## ** * * #. #..#
* *, *, * ,* * .... ,, ,
, , ,


You could see 2 gnolls.

Vanquished Creatures
  A centaur (D:5)
  A bullfrog (D:6)
  A scorpion (D:5)
  A crimson imp (D:5)
  4 hounds
  3 orc wizards
  An orc priest (D:4)
  Jessica (D:2)
  3 worker ants
  A hound zombie (D:5)
  6 gnolls
  7 adders
  A shadow imp (D:5)
  3 worms
  4 leopard geckos
  16 orcs
  8 bats
  A giant cockroach (D:2)
  A goblin (D:2)
  5 hobgoblins
  4 jackals
  2 quokkas
  3 frilled lizards
  8 kobolds
  5 rats
91 creatures vanquished.

Vanquished Creatures (collateral kills)
  An orc (D:3)
  A giant cockroach (D:3)
  A goblin (D:2)
  2 hobgoblins
  A bat (D:3)
  A frilled lizard (D:2)
  A kobold (D:3)
8 creatures vanquished.

Grand Total: 99 creatures vanquished

Notes
Turn   | Place    | Note
-------+----------+-------------------------------------------
     0 | D:1      | hellfordxyz the Human Necromancer began the quest for the
                  | Orb.
     0 | D:1      | Reached XP level 1. HP: 13/13 MP: 3/3
   628 | D:1      | Learned a level 1 spell: Animate Skeleton
   671 | D:1      | Reached XP level 2. HP: 19/19 MP: 3/5
  1006 | D:1      | Gained mutation: You evolve. [potion of mutation]
  1006 | D:1      | Gained mutation: Your mind is acute. (Int +2) [potion of
                  | mutation]
  1006 | D:1      | Gained mutation: You possess an exceptional clarity of
                  | mind. [potion of mutation]
  1006 | D:1      | Gained mutation: You rapidly evolve. [potion of mutation]
  1467 | D:2      | Noticed Jessica
  1477 | D:2      | Killed Jessica
  1477 | D:2      | Reached XP level 3. HP: 14/24 MP: 0/6
  1489 | D:2      | Reached XP level 4. HP: 9/31 MP: 0/7
  1790 | D:2      | Learned a level 3 spell: Vampiric Draining
  2268 | D:2      | Gained mutation: You have very sharp teeth. [evolution]
  2684 | D:3      | Found a faded altar of an unknown god.
  2737 | D:3      | Reached XP level 5. HP: 30/36 MP: 5/9
  2934 | D:3      | Reached skill level 1 in Fighting
  2945 | D:3      | Reached skill level 1 in Short Blades
  2959 | D:3      | Reached skill level 5 in Necromancy
  3286 | D:3      | Learned a level 3 spell: Regeneration
  3550 | D:3      | Reached skill level 1 in Armour
  3991 | D:4      | Reached XP level 6. HP: 36/43 MP: 10/10
  4016 | D:4      | HP: 2/43 [poisoned by an orc wizard]
  4346 | D:4      | Gained mutation: Your mind is very acute. (Int +4)
                  | [evolution]
  5599 | D:4      | Gained mutation: Your body sometimes deteriorates upon
                  | taking damage. [evolution]
  5734 | D:5      | Entered Level 5 of the Dungeon
  5796 | D:5      | Reached XP level 7. HP: 27/48 MP: 4/12
  6033 | D:5      | Learned a level 4 spell: Animate Dead
  6134 | D:5      | Gained mutation: You passively map a small area around you.
                  | [evolution]
  6666 | D:5      | Reached skill level 6 in Necromancy
  6709 | D:5      | Found a burning altar of Makhleb.
  6995 | D:5      | Lost mutation: Your body sometimes deteriorates upon taking
                  | damage. [evolution]
  7156 | D:6      | Reached XP level 8. HP: 31/54 MP: 7/14
  7438 | D:6      | HP: 2/54 [gnoll/+0 spear (7)]
  7442 | D:6      | Slain by a gnoll

Levels and vault maps discovered:
D:1:      minmay_arrival_widening_spiral_wide, layout_basic, minmay_tripent
D:2:      layout_basic, uniq_jessica
D:3:      layout_loops_ring, chequers_ecumenical_altar_island
D:4:      layout_loops_ring
D:5:      layout_basic, makhleb_blood_cavern_becter, first_ration
D:6:      layout_gridville, minmay_temple_entry_gardened_gates, basic_altar

Skill      XL: |  1  2  3  4  5  6  7 |
---------------+----------------------+-----
Fighting       | 1 |  1.4
Short Blades   | 1 2 |  2.5
Necromancy     | 5 6 |  6.4
Armour         | 1 2 |  2.8
Spellcasting   | 3 4 |  4.4
Staves         | |  0.1
Dodging        | |  2.8
Stealth        | |  2.1
Unarmed Combat | |  0.3

Action                   |  1- 3 |  4- 6 |  7- 9 || total
-------------------------+-------+-------+-------++-------
Melee: Unarmed           |    13 |       |       ||    13
       Short sword       |    11 |   149 |    66 ||   226
       Bite              |       |    12 |     3 ||    15
       Staff             |       |     5 |       ||     5
 Cast: Pain              |    24 |    79 |    59 ||   162
       Animate Skeleton  |     5 |    14 |     3 ||    22
       Animate Dead      |       |       |     1 ||     1
  Use: Scroll            |     3 |     6 |     2 ||    11
       Potion            |     4 |     4 |     3 ||    11
  Eat: Ration            |     1 |     3 |     1 ||     5
       Chunk             |       |     4 |       ||     4
Armor: Robe              |    18 |       |       ||    18
       Ring mail         |       |    65 |    45 ||   110
       Skin              |       |     3 |       ||     3
Dodge: Dodged            |    45 |   108 |    67 ||   220
